 Dungeon Crawl Stone Soup version 0.21.1-1-g345015f (webtiles) character file.

5646 asishallab the Grappler (level 10, -3/88 HPs)
             Began as a Troll Monk on May 13, 2018.
             Was a Priest of Dithmenos.
             Slain by a swamp worm (10 damage)
             ... on level 8 of the Dungeon.
             The game lasted 00:24:28 (7340 turns).

asishallab the Grappler (Troll Monk)                Turns: 7340, Time: 00:24:29

Health: -3/88      AC:  9    Str: 21    XL:     10   Next: 46%
Magic:  11/11      EV: 20    Int:  6    God:    Dithmenos [***...]
Gold:   463        SH:  0    Dex: 17    Spells: 9/11 levels left

rFire    + . .     SeeInvis .     - Unarmed
rCold    + . .     Gourm    +   (no shield)
rNeg     . . .     Faith    +   e - +1 robe of Ronuxt {rF+ rC+ Dex+2}
rPois    .         Spirit   .   (helmet restricted)
rElec    .         Reflect  .   (no cloak)
rCorr    .         Harm     .   (gloves unavailable)
MR       .....                  (boots unavailable)
Stlth    ++........             l - amulet of faith
HPRegen  0.64/turn              v - +3 ring of protection
MPRegen  0.12/turn              p - +4 ring of evasion

@: wreathed by umbra, invisible, very slow
A: large, unfitting armour, claws 3, fast metabolism 3, gourmand, regeneration
1, shaggy fur 1, tough skin 2
a: Shadow Step, Renounce Religion


You were on level 8 of the Dungeon.
You worshipped Dithmenos.
Dithmenos was most pleased with you.
You were completely stuffed.

You visited 2 branches of the dungeon, and saw 9 of its levels.
You also visited: Sewer.

You collected 463 gold pieces.

Inventory:

Hand Weapons
 y - a +3 shortbow of freezing
 I - a +0 giant club
Missiles
 c - 260 stones (quivered)
 k - 6 tomahawks
Armour
 a - a +0 robe
 e - the +1 robe of Ronuxt (worn) {rF+ rC+ Dex+2}
   (You found it on level 6 of the Dungeon)

   It affects your dexterity (+2).
   It protects you from fire.
   It protects you from cold.
Jewellery
 g - an uncursed ring of wizardry
 l - an amulet of faith (around neck)
 m - an uncursed amulet of the gourmand
 p - a +4 ring of evasion (right claw)
 r - an uncursed ring of stealth
 v - a +3 ring of protection (left claw)
 D - an uncursed ring of protection from magic
 F - a +4 ring of strength
Wands
 s - a wand of iceblast (6)
 u - a wand of paralysis (21)
 B - a wand of enslavement (16)
 C - a wand of disintegration (28)
Scrolls
 f - a scroll of magic mapping
 i - a scroll of enchant weapon
 j - 3 scrolls of remove curse
 n - 2 scrolls of enchant armour
 o - 4 scrolls of immolation
 t - 3 scrolls of fear
 x - 2 scrolls of teleportation
 A - 2 scrolls of blinking
 G - a scroll of identify
Potions
 d - a potion of invisibility
 w - a potion of magic
 E - a potion of brilliance
Books
 q - a book of Maledictions

   Spells                             Type                      Level
   a - Corona                         Hexes                        1
   b - Ensorcelled Hibernation        Hexes/Ice                    2
   c - Confuse                        Hexes                        3
   d - Tukima's Dance                 Hexes                        3
   e - Dazzling Spray                 Conjuration/Hexes            3
Comestibles
 b - 22 rations


   Skills:
 - Level 2.4 Fighting
 * Level 9.3 Dodging
 - Level 1.0 Stealth
 * Level 11.0 Unarmed Combat
 + Level 1.4 Spellcasting
 + Level 1.5 Hexes
 + Level 1.6 Ice Magic


You had 9 spell levels left.
You knew the following spells:

 Your Spells              Type           Power        Failure   Level  Hunger
a - Ensorcelled Hibernat  Hex/Ice        #.....       34%         2    ###....


Dungeon Overview and Level Annotations

Branches:
Dungeon (8/15)             Temple (1/1) D:7
   Lair: D:8-11

Altars:
Ashenzari
Cheibriados
Dithmenos
Elyvilon
Fedhas
Gozag
Hepliaklqana
Kikubaaqudgha
Makhleb
Nemelex Xobeh
Okawaru
Qazlal
Sif Muna
Trog
Vehumet
Wu Jian
Xom
Yredelemnul
Zin
The Shining One

Annotations:
D:6 1 runed door


Innate Abilities, Weirdness & Mutations

You are too large for most types of armour.
You have claws for hands.
Your metabolism is lightning-fast.
You like to eat raw meat.
Your natural rate of healing is unusually fast.
You are covered in fur. (AC +1)
You have very tough skin. (AC +2)


Message History

The swamp worm misses you. x2
A swamp worm bursts forth from the water.
The swamp worm barely misses you. The swamp worm bites you.
The swamp worm barely misses you. The swamp worm closely misses you.
The swamp worm misses you. x2
The swamp worm misses you. The swamp worm closely misses you.
The swamp worm completely misses you. The swamp worm closely misses you.
The swamp worm bites you!!
* * * LOW HITPOINT WARNING * * *
The swamp worm closely misses you.
The swamp worm bites you but does no damage.
The swamp worm bites you!!
* * * LOW HITPOINT WARNING * * *
The swamp worm barely misses you. The swamp worm misses you.
The swamp worm bites you.
* * * LOW HITPOINT WARNING * * *
The swamp worm barely misses you.
The swamp worm completely misses you. x2
You fade into invisibility!
The swamp worm completely misses you. The swamp worm bites you!
You die...

.......########### #....#
####.............# #.####
#.###########.###)# #.#
#)##..### #.# ###≈≈≈≈≈≈≈###
#.# ###≈≈≈≈≈≈≈≈≈≈≈## #.#
#####.≈≈≈#######≈≈≈# #.#
#.....≈≈≈#w≈≈≈≈##≈≈#
#.###.#.#.≈≈≈@w≈≈≈≈:#≈≈#
####.........≈≈≈#w≈≈≈≈##≈≈#
..######.#.#.≈≈≈#######≈≈≈#
#.............≈≈≈≈≈≈≈≈≈≈≈##
#############...≈≈≈≈≈≈≈###
# ###........# # ##########


You could see 3 swamp worms.

Vanquished Creatures
  A two-headed ogre (D:8)
  Pikel (D:7)
  The ghost of infcreate the Chopper, an amateur MiFi (D:4)
  A queen bee (D:8)
  A hippogriff (D:7)
  Grum (D:8)
  3 swamp worms (D:8)
  3 orc warriors
  2 ogres
  A black bear (D:7)
  A sky beast (D:5)
  A slave (D:7)
  An ice beast (D:2)
  4 wolves (D:8)
  2 centaurs
  3 bullfrogs
  2 scorpions (D:6)
  A howler monkey (D:6)
  19 killer bees
  3 crimson imps
  2 bullfrog skeletons (D:6)
  2 centaur zombies
  2 orc priests
  A jelly (D:8)
  4 orc wizards
  Ijyb (D:3)
  Jessica (D:3)
  A centaur skeleton (D:8)
  An iguana (D:4)
  11 worker ants
  A hound zombie (D:8)
  2 worker ant zombies
  Robin (D:2)
  9 adders
  A shadow imp (D:7)
  An ooze (D:1)
  An adder zombie (D:5)
  17 worms
  A dart slug (D:2)
  4 leopard geckos
  24 orcs
  5 ball pythons (Sewer)
  9 bats
  A bat zombie (D:5)
  9 giant cockroaches
  10 hobgoblins
  5 jackals (Sewer)
  11 kobolds
  5 quokkas
  7 frilled lizards
  8 goblins
  A leopard gecko zombie (D:8)
  A quokka zombie (D:5)
  10 rats
  A butterfly (D:6)
  A plant (Sewer)
224 creatures vanquished.

Vanquished Creatures (others)
  2 adders (D:7)
  4 plants (D:8)
6 creatures vanquished.

Grand Total: 230 creatures vanquished

Notes
Turn   | Place    | Note
-------+----------+-------------------------------------------
     0 | D:1      | asishallab the Troll Monk began the quest for the Orb.
     0 | D:1      | Reached XP level 1. HP: 22/22 MP: 0/0
   143 | D:1      | Reached XP level 2. HP: 29/29 MP: 1/1
   933 | D:2      | Reached XP level 3. HP: 33/36 MP: 2/2
  1034 | D:2      | Noticed an ice beast
  1044 | D:2      | Killed an ice beast
  1044 | D:2      | Reached skill level 4 in Unarmed Combat
  1044 | D:2      | Reached XP level 4. HP: 19/44 MP: 3/3
  1206 | D:2      | Found a white marble altar of Elyvilon.
  1242 | D:2      | Reached XP level 5. HP: 50/50 MP: 4/4
  1277 | D:2      | Noticed Robin
  1300 | D:2      | Killed Robin
  1911 | D:3      | Reached skill level 5 in Unarmed Combat
  2002 | D:3      | Noticed Jessica
  2006 | D:3      | Killed Jessica
  2006 | D:3      | Reached XP level 6. HP: 58/59 MP: 5/5
  2239 | D:3      | Noticed Ijyb
  2245 | D:3      | Killed Ijyb
  2774 | D:4      | Reached skill level 5 in Dodging
  2774 | D:4      | Reached skill level 6 in Unarmed Combat
  2774 | D:4      | Reached XP level 7. HP: 66/66 MP: 6/6
  3098 | D:4      | Found a glowing drain.
  3099 | D:4      | Noticed infcreate's ghost (amateur MiFi)
  3130 | D:4      | Killed infcreate's ghost
  3148 | Sewer    | Entered a sewer
  3792 | D:5      | Entered Level 5 of the Dungeon
  3836 | D:5      | Reached skill level 7 in Unarmed Combat
  4065 | D:5      | Found an ancient bone altar of Kikubaaqudgha.
  4291 | D:5      | Reached XP level 8. HP: 74/74 MP: 7/7
  4730 | D:6      | Found a runed door.
  4744 | D:6      | Found a runed door.
  4810 | D:6      | Reached skill level 8 in Unarmed Combat
  4987 | D:6      | Got a colourful robe
  5019 | D:6      | Identified the +1 robe of Ronuxt {rF+ rC+ Dex+2} (You found it on level 6 of the Dungeon)
  5145 | D:6      | Found a sparkling altar of Nemelex Xobeh.
  5147 | D:6      | Found a shadowy altar of Dithmenos.
  5189 | D:6      | Became a worshipper of Dithmenos the Shadowed
  5189 | D:6      | Reached * piety under Dithmenos
  5189 | D:6      | Reached ** piety under Dithmenos
  5522 | D:7      | Noticed Pikel
  5534 | D:7      | Killed Pikel
  5534 | D:7      | Reached skill level 9 in Unarmed Combat
  5534 | D:7      | Reached XP level 9. HP: 48/80 MP: 8/8
  5645 | D:7      | Found a burning altar of Makhleb.
  5645 | D:7      | Found an opulent altar of Gozag.
  6026 | D:7      | Found a staircase to the Ecumenical Temple.
  6035 | Temple   | Entered the Ecumenical Temple
  6171 | D:8      | Noticed Grum
  6198 | D:8      | Reached skill level 10 in Unarmed Combat
  6207 | D:8      | Killed Grum
  6487 | D:8      | Learned a level 2 spell: Ensorcelled Hibernation
  6527 | D:8      | Noticed a two-headed ogre
  6534 | D:8      | Killed a two-headed ogre
  6534 | D:8      | Reached XP level 10. HP: 88/88 MP: 9/9
  6622 | D:8      | Reached skill level 1 in Ice Magic
  6623 | D:8      | Reached skill level 1 in Hexes
  6631 | D:8      | Reached skill level 1 in Spellcasting
  7092 | D:8      | Reached *** piety under Dithmenos
  7329 | D:8      | Reached skill level 11 in Unarmed Combat
  7340 | D:8      | Slain by a swamp worm

Skill      XL: |  1  2  3  4  5  6  7  8  9 10 |
---------------+-------------------------------+-----
Dodging        | 3 4 5 6 7 8 9 |  9.3
Unarmed Combat | 4 5 6 7 9 10 11 | 11.0
Ice Magic      | 1 |  1.6
Hexes          | 1 |  1.5
Spellcasting   | 1 |  1.4
Fighting       | |  2.4
Stealth        | |  1.0

Action                   |  1- 3 |  4- 6 |  7- 9 | 10-12 || total
-------------------------+-------+-------+-------+-------++-------
Melee: Unarmed           |    89 |   127 |   331 |   149 ||   696
       Punch             |       |     1 |    13 |    12 ||    26
Invok: Shadow Step       |       |       |       |     1 ||     1
  Use: Potion            |       |     3 |     8 |     4 ||    15
       Scroll            |       |       |    11 |       ||    11
 Stab: Sleeping          |     4 |     6 |     3 |       ||    13
       Invisible         |       |       |       |     3 ||     3
  Eat: Chunk             |    11 |    20 |    36 |     7 ||    74
Armor: Robe              |    46 |    32 |    41 |    26 ||   145
Dodge: Dodged            |    43 |   114 |   275 |   160 ||   592
